Map: Odyssey LE

Players

Cuervo - Winner!

  • Race: Terran Terran
  • Spawn Location: 5:00

A.I. 1 (Very Hard)

  • Race: Zerg Zerg
  • Spawn Location: 11:00

VOD

Have the link to the VOD?

Description

Time

  • Played on: Sept. 21, 2017, 8:51 p.m.
  • Length: 11:50
Show
View Real Time Build Order
Export as new Build Order

Cuervo Terran - Winner!

Build Orders: MMM Bio 

Get SALT Encoding   

  12  0:00  SCV  
  13  0:12  SCV  
  14  0:17  Supply Depot  
  14  0:25  SCV  
  15  0:39  SCV  
  16  0:42  Barracks  
  16  0:48  Refinery  
  16  0:51  SCV  
  17  1:03  SCV  
  18  1:15  SCV  
  19  1:33  Orbital Command  
  19  1:36  Barracks Reactor  
  19  1:42  Command Center  
  19  1:59  SCV  
  20  2:01  Barracks  
  20  2:12  Marine  
  20  2:14  SCV  
  23  2:19  Supply Depot  
  23  2:29  SCV  
  23  2:41  SCV  
  24  2:45  Marine  
  24  2:51  Supply Depot, Barracks Tech Lab  
  25  2:53  SCV, Refinery  
  25  2:54  Marine  
  25  2:55  Orbital Command  
  27  3:02  Marine  
  27  3:05  SCV  
  29  3:09  Barracks  
  29  3:16  Marine  
  29  3:17  SCV  
  29  3:19  Stimpack  
  31  3:21  Factory  
  31  3:22  SCV  
  31  3:25  Marine x2  
  34  3:29  SCV  
  34  3:34  Marine, SCV  
  37  3:41  SCV  
  37  3:42  Marine  
  37  3:43  Marine  
  37  3:46  SCV  
  37  3:48  Supply Depot  
  41  3:52  Supply Depot  
  41  3:53  SCV  
  42  3:57  Marine x2  
  42  3:58  SCV  
  42  4:00  Marine  
  46  4:05  Starport, SCV  
  46  4:06  Factory Reactor  
  47  4:10  SCV  
  47  4:15  Engineering Bay  
  48  4:17  Marine  
  48  4:18  Marine, SCV  
  48  4:20  Marine  
  48  4:22  Marine, SCV  
  54  4:30  SCV  
  55  4:34  SCV  
  55  4:36  Marine  
  57  4:38  Marine  
  57  4:42  Barracks Reactor, SCV  
  57  4:43  Engineering Bay  
  59  4:46  SCV  
  59  4:48  Supply Depot  
  59  4:49  Marine  
  59  4:52  Medivac  
  63  4:54  SCV, Medivac  
  63  4:56  Marine  
  63  4:58  Terran Infantry Weapons Level 1, SCV  
  68  5:06  SCV  
  69  5:10  SCV  
  69  5:12  Supply Depot  
  70  5:17  Marine x2  
  70  5:18  Barracks, SCV  
  70  5:19  Marine x2, Combat Shields  
  75  5:22  Marine, Terran Infantry Armor Level 1  
  75  5:23  SCV  
  77  5:30  SCV, Refinery  
  77  5:33  Medivac  
  77  5:35  Marine, SCV  
  81  5:37  Marine  
  81  5:42  SCV  
  84  5:45  Supply Depot  
  84  5:47  SCV  
  85  5:53  Marine  
  86  5:59  Command Center  
  86  6:06  Marine x4, Medivac  
  86  6:09  Supply Depot  
  92  6:11  Marine  
  92  6:13  Barracks  
  92  6:15  Marine  
  94  6:30  Marine x4, SCV x2, Medivac  
  94  6:31  Armory  
  101  6:33  Marine  
  83  6:41  Marine  
  83  6:42  SCV x2  
  74  6:48  Marine x4  
  74  6:51  Marine  
  78  6:55  SCV x2  
  78  6:59  Marine  
  78  7:00  Medivac  
  78  7:01  Medivac  
  85  7:02  Supply Depot  
  85  7:05  Marine x5  
  85  7:07  Barracks  
  90  7:09  Marine  
  91  7:16  Barracks  
  91  7:17  Marine, SCV  
  91  7:18  SCV  
  91  7:21  Terran Infantry Weapons Level 2  
  94  7:23  Marine x3  
  97  7:31  Marine x3, Refinery  
  100  7:38  Orbital Command  
  100  7:40  Marine  
  100  7:41  Marine x3  
  100  7:43  Medivac  
  106  7:44  Supply Depot  
  106  7:46  Supply Depot  
  106  7:49  Marine  
  106  7:51  Marine x2  
  109  8:05  Unknown  
  104  8:08  Marine x6  
  104  8:09  Marine  
  104  8:11  Marine, SCV x2  
  110  8:16  Barracks  
  110  8:17  Marine  
  110  8:20  Barracks  
  110  8:23  Medivac x2  
  110  8:24  Terran Vehicle And Ship Armor Level 1  
  110  8:25  Marine x2, Supply Depot  
  110  8:26  Marine x2  
  110  8:45  Unknown  
  110  8:47  Marine x5  
  110  8:48  Marine x4  
  97  9:05  Marine x6, Medivac x2  
  97  9:06  Marine x3  
  107  9:10  Starport  
  107  9:11  Terran Infantry Armor Level 2  
  107  9:12  Marine x2  
  107  9:14  Barracks  
  103  9:19  Barracks  
  103  9:21  Barracks  
  103  9:23  Marine x5  
  103  9:24  Marine x4  
  105  9:29  Marine  
  106  9:34  Marine  
  103  9:40  Marine  
  103  9:41  Marine x2  
  103  9:47  Unknown  
  103  9:49  Marine x3  
  103  9:50  Marine x4  
  103  9:52  Marine  
  104  9:58  Marine x2  
  104  9:59  Marine  
  106  10:06  Marine  
  105  10:07  Marine x4  
  105  10:08  Marine x3  
  105  10:10  Marine  
  113  10:14  Barracks  
  113  10:16  Barracks, Marine x2  
  113  10:17  Marine x2  
  116  10:24  Marine  
  116  10:25  Marine x6  
  116  10:26  Marine  
  116  10:28  Marine  
  125  10:34  Marine x2  
  125  10:35  Marine  
  126  10:51  Marine x3  
  126  10:53  Command Center  
  126  10:55  Marine x2  
  126  10:56  Marine x3  
  133  10:59  Medivac  
  133  11:03  Barracks  
  134  11:07  Barracks  
  134  11:08  Command Center  
  134  11:09  Marine x3  
  134  11:10  Marine  
  138  11:13  Medivac  
  138  11:18  Starport Reactor  
  137  11:21  Supply Depot  
  137  11:22  Marine x6  
  137  11:23  Marine x2, Supply Depot  
  144  11:32  Marine x3  
Show
View Real Time Build Order
Export as new Build Order

A.I. 1 (Very Hard) Zerg 

Build Orders: Pool First 

Get SALT Encoding   

  12  0:00  Drone  
  13  0:12  Overlord  
  13  0:16  Drone  
  14  0:30  Drone x2  
  16  0:42  Spawning Pool  
  15  0:45  Drone  
  16  0:50  Drone  
  17  1:15  Hatchery, Drone  
  17  1:17  Extractor  
  16  1:20  Drone  
  16  1:24  Drone  
  18  1:28  Drone  
  19  1:38  Overlord  
  19  1:49  Drone  
  19  1:50  Queen  
  22  1:59  Zergling x2  
  23  2:10  Drone  
  24  2:21  Drone  
  25  2:26  Roach Warren, Queen  
  25  2:28  Extractor  
  25  2:30  Drone  
  25  2:35  Drone  
  27  2:44  Overlord  
  27  2:48  Drone  
  27  2:51  Drone  
  29  2:54  Drone  
  29  2:58  Drone  
  31  3:01  Drone  
  31  3:04  Zergling x2  
  33  3:07  Zergling x2  
  33  3:12  Roach  
  36  3:16  Roach  
  36  3:19  Roach  
  40  3:23  Roach  
  40  3:26  Drone  
  43  3:29  Drone  
  43  3:33  Overlord  
  44  3:40  Lair  
  44  3:45  Metabolic Boost  
  44  3:49  Overlord  
  44  3:52  Drone  
  44  3:54  Drone  
  46  3:57  Drone  
  46  3:59  Zergling x2  
  46  4:01  Zergling x2  
  49  4:03  Zergling x2  
  50  4:10  Evolution Chamber, Drone  
  50  4:14  Evolution Chamber  
  50  4:16  Drone  
  50  4:18  Drone  
  50  4:20  Drone  
  50  4:22  Drone  
  53  4:24  Drone  
  54  4:36  Zerg Missile Weapons Level 1  
  54  4:40  Zerg Ground Armor Level 1  
  54  4:41  Hydralisk Den  
  54  4:42  Drone  
  54  4:45  Overlord  
  54  4:47  Roach  
  54  4:50  Roach  
  58  5:03  Overlord, Drone x2  
  58  5:04  Drone, Extractor  
  58  5:05  Drone  
  61  5:07  Drone  
  61  5:09  Drone  
  61  5:10  Drone  
  61  5:11  Hydralisk  
  61  5:14  Hydralisk  
  66  5:21  Drone  
  69  5:23  Infestation Pit  
  69  5:26  Overlord  
  69  5:28  Drone  
  69  5:29  Drone  
  69  5:31  Drone  
  69  5:33  Drone  
  72  5:36  Drone  
  72  5:37  Drone  
  74  5:44  Roach, Overlord, Drone  
  74  5:45  Drone  
  74  5:48  Roach  
  80  5:50  Roach  
  82  6:00  Infestor  
  82  6:01  Extractor  
  82  6:02  Roach, Overlord  
  85  6:07  Infestor  
  87  6:14  Evolution Chamber  
  87  6:17  Ravager  
  87  6:18  Spine Crawler  
  87  6:19  Drone  
  87  6:20  Roach  
  87  6:21  Overlord  
  87  6:24  Drone  
  87  6:25  Drone x2  
  92  6:26  Hatchery  
  92  6:27  Drone  
  92  6:28  Ravager  
  92  6:30  Roach  
  95  6:38  Baneling Nest, Zergling x2  
  95  6:39  Drone  
  88  6:40  Roach, Zergling x2  
  88  6:43  Roach  
  88  6:45  Roach  
  91  6:48  Hydralisk  
  91  6:53  Hydralisk  
  95  7:01  Spine Crawler  
  95  7:02  Drone  
  95  7:07  Infestor  
  95  7:08  Overlord  
  97  7:23  Baneling  
  97  7:25  Infestor  
  97  7:27  Overseer  
  97  7:29  Roach  
  101  7:31  Roach, Overlord  
  101  7:33  Roach  
  105  7:37  Hydralisk  
  105  7:38  Queen, Drone x3  
  105  7:39  Drone x2  
  105  7:43  Drone x2, Hydralisk  
  118  7:46  Baneling  
  118  7:47  Drone x2, Zergling x2  
  118  7:48  Baneling  
  118  7:49  Spore Crawler, Drone  
  118  7:50  Spore Crawler  
  120  7:52  Overlord  
  120  7:54  Drone  
  121  7:59  Baneling x2  
  110  8:09  Zergling x2  
  110  8:11  Drone  
  110  8:12  Drone  
  97  8:15  Roach  
  97  8:16  Drone  
  97  8:18  Drone  
  97  8:19  Drone  
  102  8:21  Drone  
  102  8:22  Drone  
  102  8:24  Drone  
  102  8:26  Roach  
  107  8:28  Roach  
  107  8:29  Hatchery  
  107  8:33  Overlord  
  102  8:36  Zergling x2  
  97  8:45  Lurker Den, Zergling x2, Hydralisk  
  97  8:47  Roach  
  93  8:55  Roach  
  51  9:06  Zergling x2  
  51  9:09  Drone  
  51  9:16  Drone  
  52  9:17  Ravager  
  52  9:21  Zergling x2  
  52  9:23  Drone  
  54  9:30  Roach  
  51  9:34  Zergling x2  
  52  9:40  Roach  
  52  9:46  Roach  
  52  9:49  Hydralisk  
  49  10:00  Roach  
  49  10:05  Roach  
  40  10:10  Roach  
  40  10:11  Roach  
  42  10:16  Zergling x2  
  42  10:18  Zergling x2  
  38  10:24  Drone  
  32  10:29  Drone  
  32  10:34  Drone  
  30  10:42  Roach  
  22  10:51  Zergling x2  
  22  10:59  Zergling x2  
  19  11:08  Drone  
Tags
 
Composition
MMM Bio
Matchup
TvZ
Opening
Pool First
Spawn Locations
Cross Positions
Add a new tag
Caveats
  • Supply blocks, unpowered buildings, or Contaminate may cause inaccurate times.
  • Supply counts are checked every 10 seconds.